 Dungeon Crawl Stone Soup version 0.21.1-1-g345015f (webtiles) character file.

181 lysyklops the Digger (level 5, -2/38 HPs)
             Began as a Draconian Earth Elementalist on July 26, 2018.
             Slain by an orc
             ... wielding a +0 mace
              (10 damage)
             ... on level 3 of the Dungeon.
             The game lasted 00:10:24 (3466 turns).

lysyklops the Digger (Draconian Earth Elementalist) Turns: 3466, Time: 00:10:25

Health: -2/38      AC:  5    Str: 10    XL:     5   Next: 34%
Magic:  0/9        EV: 13    Int: 17    God:
Gold:   161        SH:  0    Dex: 11    Spells: 9/10 levels left

rFire    . . .     SeeInvis .   t - +1 short sword (protect)
rCold    . . .     Gourm    .   (no shield)
rNeg     . . .     Faith    .   (armour unavailable)
rPois    .         Spirit   .   (helmet restricted)
rElec    .         Reflect  .   (no cloak)
rCorr    .         Harm     .   (no gloves)
MR       .....                  (no boots)
Stlth    ++........             (no amulet)
HPRegen  0.12/turn              (no ring)
MPRegen  0.11/turn              (no ring)

@: no status effects
A: unfitting armour, cold-blooded, AC +5
a: no special abilities


You were on level 3 of the Dungeon.
You were hungry.

You visited 1 branch of the dungeon, and saw 3 of its levels.

You collected 161 gold pieces.

Inventory:

Hand Weapons
 f - a +0 club
 i - a +0 short sword
 s - a +0 hunting sling
 t - a +1 short sword of protection (weapon)
Missiles
 b - 34 stones (quivered)
 w - 14 sling bullets
Jewellery
 h - a cursed -3 ring of protection {unknown}
 q - an uncursed ring of positive energy {unknown}
Wands
 u - a wand of random effects (25)
Scrolls
 a - 2 scrolls of enchant weapon {unknown}
 e - 2 scrolls of identify {unknown}
 g - a scroll of fog {unknown}
 j - a scroll of teleportation {unknown}
 k - a scroll of remove curse {unknown}
 n - a scroll of fear {unknown}
Potions
 l - a potion of haste {unknown}
 m - 2 potions of curing {unknown}
 o - 2 potions of agility {unknown}
 p - a potion of resistance {unknown}
 r - 2 potions of lignification {unknown}
 v - a potion of flight {unknown}
 x - a potion of heal wounds {unknown}
Books
 d - a book of Geomancy

   Spells                             Type                      Level
   a - Sandblast                      Earth                        1
   b - Passwall                       Transmutation/Earth          2
   c - Stone Arrow                    Conjuration/Earth            3
   d - Petrify                        Transmutation/Earth          4
   e - Lee's Rapid Deconstruction     Earth                        5
Comestibles
 c - 8 rations


   Skills:
 + Level 2.2 Short Blades
 + Level 2.8 Dodging
 - Level 1.8 Stealth
 + Level 3.1 Spellcasting
   Level 1.0 Transmutations
 + Level 4.1 Earth Magic


You had 9 spell levels left.
You knew the following spells:

 Your Spells              Type           Power        Failure   Level  Hunger
a - Sandblast             Erth           ###...       3%          1    None


Dungeon Overview and Level Annotations

Branches:
Dungeon (3/15)

Altars:
Ashenzari
Dithmenos
Elyvilon
Hepliaklqana
Kikubaaqudgha
Okawaru
Qazlal


Innate Abilities, Weirdness & Mutations

Your plain brown scales are hard. (AC +5)
You cannot fit into any form of body armour.
You are cold-blooded and may be slowed by cold attacks.


Message History

Confirm with . or Enter, or press ? or * to list all spells.
Aiming: Sandblast
Press: ? - help, Shift-Dir - straight line, f/p - orc
Aim: an orc, wielding a mace and wearing a chain mail The blast of sand hits the orc.
The orc is moderately wounded.
b - 35 stones The orc closely misses you.
Casting: Sandblast
Confirm with . or Enter, or press ? or * to list all spells.
Aiming: Sandblast
Press: ? - help, Shift-Dir - straight line, f/p - orc
Aim: an orc, wielding a mace and wearing a chain mail (moderately wounded)
The blast of sand hits the orc.
The orc is moderately wounded.
b - 34 stones You completely miss the orc.
The orc is moderately wounded.
The orc hits you with a mace!
You die...

.......).......#.#
.......#########.# .......#
#.......# # .......# #.....###
.# .......# #.....# ..#
.......# #.....# ...# .......#
#.....# ######## ..... .......#
#.....###.....)#...... .......#
#......@o......[......
...########....###.....)#......
...............# #......# .....
.....######....# #......# ....
.....# #....# ######## ###
.....# #....# ...#.# #....#
...# ####.# ...# # #.#


You could see an orc.

Vanquished Creatures
  2 orc wizards (D:3)
  Robin (D:2)
  2 adders
  A worm (D:3)
  2 dart slugs
  2 leopard geckos
  12 orcs (D:3)
  2 giant cockroaches
  6 goblins
  10 hobgoblins
  9 jackals
  A quokka (D:3)
  11 bats
  A frilled lizard (D:1)
  6 kobolds
  4 rats
72 creatures vanquished.

Notes
Turn   | Place    | Note
-------+----------+-------------------------------------------
     0 | D:1      | lysyklops the Draconian Earth Elementalist began the quest for the Orb.
     0 | D:1      | Reached XP level 1. HP: 14/14 MP: 3/3
   226 | D:1      | Reached XP level 2. HP: 11/20 MP: 0/5
  1403 | D:2      | Reached XP level 3. HP: 22/26 MP: 6/6
  1633 | D:2      | Found a white marble altar of Elyvilon.
  1916 | D:2      | Reached skill level 1 in Short Blades
  2219 | D:2      | Noticed Robin
  2226 | D:2      | Killed Robin
  2227 | D:2      | Reached XP level 4. HP: 21/33 MP: 0/8
  3070 | D:3      | Reached XP level 5. HP: 38/38 MP: 3/9
  3153 | D:3      | Reached skill level 4 in Earth Magic
  3214 | D:3      | Found an iron altar of Okawaru.
  3214 | D:3      | Found an ancient bone altar of Kikubaaqudgha.
  3214 | D:3      | Found a shadowy altar of Dithmenos.
  3215 | D:3      | Found a hazy altar of Hepliaklqana.
  3216 | D:3      | Found a stormy altar of Qazlal.
  3220 | D:3      | Found a shattered altar of Ashenzari.
  3466 | D:3      | Slain by an orc

Skill      XL: |  1  2  3  4  5 |
---------------+----------------+-----
Dodging        | 2 |  2.8
Short Blades   | 1 2 |  2.2
Spellcasting   | 3 |  3.1
Earth Magic    | 4 |  4.1
Stealth        | |  1.8
Transmutations | |  1.0

Action                   |  1- 3 |  4- 6 || total
-------------------------+-------+-------++-------
Melee: Club              |    13 |       ||    13
       Tailslap          |     7 |     7 ||    14
       Short sword       |    84 |    81 ||   165
 Cast: Sandblast         |    46 |    55 ||   101
  Eat: Chunk             |     4 |     4 ||     8
Armor: Skin              |    48 |    45 ||    93
Dodge: Dodged            |   107 |    73 ||   180
